Map: Catallena LE (Void)

Players

Paxom - Winner!

  • Race: Terran Terran
  • Spawn Location: 9:00

A.I. 1 (Elite)

  • Race: Protoss Protoss
  • Spawn Location: 5:00

VOD

Have the link to the VOD?

Description

Time

  • Played on: Oct. 14, 2017, 5:37 a.m.
  • Length: 6:30
Show
View Real Time Build Order
Export as new Build Order

Paxom Terran - Winner!

Build Orders:  

Get SALT Encoding   

  12  0:01  SCV  
  13  0:13  SCV  
  14  0:18  Supply Depot  
  14  0:25  SCV  
  15  0:40  SCV  
  16  0:47  Barracks  
  16  0:51  Refinery  
  16  1:15  Barracks  
  16  1:22  Barracks  
  16  1:30  Supply Depot  
  16  1:35  Barracks Tech Lab  
  16  1:42  Orbital Command  
  16  2:02  Barracks  
  16  2:20  Barracks  
  16  2:38  Marine x2  
  18  2:44  Combat Shields  
  18  2:45  Marine  
  18  2:48  Marine  
  20  2:56  Marine x2  
  22  3:03  Marine  
  23  3:06  Marine  
  23  3:12  Supply Depot  
  24  3:13  Marine  
  24  3:14  Marine  
  26  3:21  Marine  
  26  3:23  Supply Depot  
  26  3:24  Marine  
  28  3:30  Marine, Supply Depot  
  28  3:31  Marine  
  28  3:32  Marine  
  31  3:39  Marine  
  32  3:42  Marine  
  32  3:47  Marine  
  34  3:49  Marine x2  
  36  3:57  Marine  
  36  4:00  Marine  
  38  4:05  Marine  
  38  4:07  Marine x2  
  41  4:14  Marine  
  42  4:17  Marine  
  42  4:23  Marine  
  44  4:25  Marine x2  
  46  4:32  Marine  
  46  4:35  Marine  
  48  4:41  Marine  
  48  4:42  Marine, Supply Depot  
  48  4:43  Marine  
  51  4:46  Supply Depot  
  51  4:50  Marine  
  45  5:03  Marine  
  45  5:04  Marine x3  
  49  5:08  Marine  
  50  5:21  Marine x2  
  50  5:22  Marine x2  
  50  5:26  Marine  
  55  5:39  Marine x4  
  59  5:44  Marine  
  45  5:57  Marine x4  
  45  6:01  Marine  
Show
View Real Time Build Order
Export as new Build Order

A.I. 1 (Elite) Protoss 

Build Orders: 1 Gate Expand 

Get SALT Encoding   

  12  0:01  Probe (Chrono Boost)  
  13  0:11  Probe (Chrono Boost)  
  14  0:20  Pylon  
  14  0:22  Probe (Chrono Boost)  
  15  0:39  Probe (Chrono Boost)  
  16  0:49  Probe (Chrono Boost)  
  17  0:50  Gateway  
  17  1:00  Probe (Chrono Boost)  
  18  1:10  Probe (Chrono Boost)  
  19  1:16  Nexus  
  19  1:21  Probe (Chrono Boost)  
  20  1:32  Probe (Chrono Boost)  
  21  1:36  Zealot  
  21  1:37  Pylon  
  23  1:46  Cybernetics Core  
  23  1:49  Assimilator  
  23  1:55  Probe (Chrono Boost)  
  24  2:06  Probe (Chrono Boost)  
  25  2:16  Probe (Chrono Boost)  
  26  2:23  Pylon  
  26  2:27  Warp Gate, Probe (Chrono Boost)  
  26  2:28  Probe (Chrono Boost)  
  28  2:37  Gateway  
  28  2:38  Probe (Chrono Boost)  
  28  2:41  Assimilator  
  28  2:44  Probe (Chrono Boost)  
  30  2:52  Stalker  
  30  2:56  Probe (Chrono Boost)  
  30  2:57  Pylon  
  34  2:59  Probe (Chrono Boost)  
  34  3:08  Probe (Chrono Boost)  
  34  3:10  Probe (Chrono Boost)  
  36  3:20  Adept  
  36  3:23  Adept  
  36  3:24  Probe (Chrono Boost)  
  42  3:27  Probe (Chrono Boost)  
  42  3:30  Robotics Facility  
  42  3:36  Probe (Chrono Boost)  
  42  3:38  Probe (Chrono Boost)  
  44  3:46  Adept  
  44  3:47  Probe (Chrono Boost)  
  47  3:48  Adept  
  47  3:49  Probe (Chrono Boost)  
  50  3:59  Probe (Chrono Boost)  
  50  4:01  Probe (Chrono Boost)  
  52  4:09  Pylon  
  51  4:10  Adept  
  51  4:12  Stalker, Gateway  
  55  4:35  Probe x2 (Chrono Boost)  
  57  4:41  Pylon  
  57  4:45  Stalker  
  59  4:47  Probe x2 (Chrono Boost)  
  59  4:49  Stalker  
  51  5:06  Zealot, Adept  
  50  5:10  Zealot  
  45  5:16  Mothership Core (Chrono Boost)  
  40  5:24  Stalker, Gateway  
  40  5:25  Zealot  
  40  5:28  Zealot  
  40  5:33  Immortal  
  43  5:42  Probe (Chrono Boost)  
  43  5:44  Stalker  
  43  5:46  Twilight Council  
  43  5:47  Zealot  
  43  5:48  Stalker  
  41  5:54  Probe (Chrono Boost)  
  31  6:05  Probe (Chrono Boost)  
  31  6:07  Stalker  
  31  6:13  Pylon  
Tags
 
Add a new tag
Caveats
  • Supply blocks, unpowered buildings, or Contaminate may cause inaccurate times.
  • Supply counts are checked every 10 seconds.